Cogmind - Beta 14 @@@ ROGUE MODE // 2025.03.10 @ 18:38:06 Player: vahar Result: Destroyed by Y-45 Defender with Heavy Assault Rifle Performance ------------- Evolutions (1) 500 Regions Visited (3) 600 Robots Destroyed (47) 235 Value Destroyed (993) 993 Prototype IDs (2) 40 Alien Tech Used (0) 0 Bonus (11) 11 TOTAL SCORE: 2379 Bonus ------- High Alert Combat Kills 11 Cogmind --------- Core Integrity 0/400 Matter 200/300 Energy 254/265 System Corruption 0% Temperature Cool (90) Movement Treading (240) Ox1 Location -9/Storage Parts ------- > --- POWER (1) -------- Improved Ion Engine > --- PROPULSION (3) --- Light Treads > --- UTILITY (3) ------ Drone Bay (2/2) Drone Bay (0/2) Drone Bay (0/2) > --- WEAPON (2) ------- Beam Rifle Particle Gun > --- INVENTORY (5) ---- Ion Engine Light Ion Engine Drone Bay (2/2) Drone Bay (0/2) Autogun Peak State ------------ > --- POWER ------------ Improved Ion Engine > --- PROPULSION ------- Light Treads > --- UTILITY ---------- Drone Bay Drone Bay Drone Bay > --- WEAPON ----------- Beam Rifle Autogun > --- INVENTORY -------- Ion Engine Light Ion Engine Drone Bay Drone Bay EM Pulse Gun [Rating: 23] Favorites ----------- Power Improved Ion Engine Engine Improved Ion Engine Propulsion Aluminum Leg Treads Light Treads Leg Aluminum Leg Flight Unit Flight Unit Utility Small Storage Unit Device Drone Bay Storage Small Storage Unit Processor Targeting Computer Weapon Medium Laser Energy Gun Medium Laser Energy Cannon Beam Cannon Ballistic Gun Heavy Assault Rifle Ballistic Cannon Light Cannon Launcher Grenade Launcher Build | -11 -10 -9 -9 ------- Run | Yrd Mat Mat Sto Slots Evolved 2 | . . 2 . Power . | . . . . Propulsion 1 | . . 1 . Utility 1 | . . 1 . Weapon . | . . . . Parts Attached 43 | 7 4 17 15 Power 6 | 1 1 3 1 Engine 6 | 1 1 3 1 Core . | . . . . Reactor . | . . . . Propulsion 9 | 2 1 5 1 Treads 2 | . . 1 1 Leg 4 | 2 1 1 . Wheel . | . . . . Hover . | . . . . Flight 3 | . . 3 . Utility 11 | 1 1 4 5 Device 8 | . 1 3 4 Storage 2 | 1 . . 1 Processor 1 | . . 1 . Hackware . | . . . . Protection . | . . . . Artifact . | . . . . Weapon 17 | 3 1 5 8 Energy Gun 8 | 2 . 2 4 Energy Cannon 2 | . . 2 . Ballistic Gun 4 | 1 . 1 2 Ballistic Cannon 2 | . 1 . 1 Launcher 1 | . . . 1 Special Weapon . | . . . . Impact Weapon . | . . . . Slashing Weapon . | . . . . Piercing Weapon . | . . . . Special Melee Weapon . | . . . . Unidentified Prototypes . | . . . . Parts Lost 21 | . 2 13 6 Power 3 | . 1 2 . Propulsion 7 | . 1 4 2 Utility 2 | . . 2 . Weapon 9 | . . 5 4 Highest Loss Streak 4 | . 2 4 3 To Critical Strikes . | . . . . Average Slot Usage (%) 85 | . 97 77 83 Engine 11 | . 13 10 10 Treads 6 | . . 2 16 Leg 11 | . 27 8 1 Flight 1 | . . 5 . Device 13 | . 12 7 18 Storage 10 | . 14 11 7 Processor 6 | . . 11 7 Energy Gun 13 | . 25 10 5 Energy Cannon 1 | . . 5 . Ballistic Gun 5 | . . . 12 Ballistic Cannon 2 | . 2 4 1 Peak Build Rating 23 | 6 7 12 23 Average Rating 10 | 4 6 8 16 On Entrance 6 | . 6 7 11 Naked Turns . | . . . . Heaviest Build 106 | 14 16 18 106 Greatest Support 40 | 20 20 20 40 Greatest Overweight (x) 5 | 2 . 5 5 Average Overweight (x) . | . . . 1 Largest Inventory Capacity 25 | 8 8 8 25 Average Capacity 10 | 7 8 8 14 Most Carried 11 | 4 8 7 11 Average Carried 6 | 1 6 6 7 Final Capacity 8 | 8 8 8 5 Final Carried 8 | 4 8 5 5 Class Distribution -------------------- 74% | Mutant 25% | Scavenger-Mutant Dominant Class ---------------- Mutant | -10/Materials Mutant | -9/Materials Scavenger-Mutant | -9/Storage Resources | -11 -10 -9 -9 ----------- Run | Yrd Mat Mat Sto Matter Collected 715 | 229 155 133 198 Remotely . | . . . . Salvage Created 1524 | . 447 697 380 Parts 87 | . 23 35 29 Haulers Intercepted . | . . . . Recyclers Shooed 4 | . . 2 2 Parts Field Recycled . | . . . . Retrieved Matter . | . . . . Parts Self-Destructed . | . . . . Prevented . | . . . . Kills | -11 -10 -9 -9 ------- Run | Yrd Mat Mat Sto Combat Hostiles Destroyed 37 | . 12 16 9 Guns 24 | . 10 6 8 Cannons 12 | . 2 9 1 Classes Destroyed 7 | . 4 2 1 Worker 3 | . . 1 2 Builder 2 | . 1 . 1 Recycler 4 | . 1 2 1 Watcher 1 | . . . 1 Swarmer 17 | . 5 8 4 Grunt 13 | . 7 3 3 Sentry 7 | . . 5 2 Best Kill Streak 6 | . 3 6 6 Combat Bots Only 5 | . 2 5 4 Max Kills in Single Turn 2 | . 1 2 1 Gunslinging . | . . . . Exploded . | . . . . Melee . | . . . . Uniques/NPCs Destroyed . | . . . . Combat | -11 -10 -9 -9 -------- Run | Yrd Mat Mat Sto Hostile Shots Fired 332 | . 89 178 65 Missed 100 | . 30 56 14 Damage Taken 2610 | . 748 1170 692 Core 618 | . 214 309 95 Absorbed by Shields . | . . . . Regen/Repaired (Parts) 68 | . . . 68 Core Remaining (%) 57 | 100 14 . . Volleys Fired 162 | . 51 59 52 Largest 2 | . 2 2 2 Hottest 121 | . 100 120 121 Shots Fired 296 | . 102 98 96 Gun 213 | . 81 42 90 Cannon 82 | . 21 56 5 Launcher 1 | . . . 1 Special . | . . . . Kinetic 93 | . 21 4 68 Thermal 198 | . 81 94 23 Explosive 1 | . . . 1 Electromagnetic 4 | . . . 4 Robot Hit Streak 32 | . 13 32 12 Robot Miss Streak 7 | . 7 3 3 Penetration Max . | . . . . Secondary Targets . | . . . . Shots Hit Robots 188 | . 60 77 51 Core Hits 70 | . 24 26 20 Critical Kills . | . . . . Critical Parts Destroyed 1 | . . . 1 Critical Strikes 16 | . 10 5 1 Burn 15 | . 10 5 . Destroy 1 | . . . 1 Melee Attacks . | . . . . Impact . | . . . . Slashing . | . . . . Piercing . | . . . . Sneak Attacks . | . . . . Combat Hostiles . | . . . . Follow-up Attacks . | . . . . Damage Inflicted 2818 | . 870 1257 691 Guns 1627 | . 603 448 576 Cannons 1137 | . 267 794 76 Explosions 31 | . . . 31 Melee . | . . . . Ramming 23 | . . 15 8 Kinetic 825 | . 267 19 539 Thermal 1939 | . 603 1223 113 Explosive 31 | . . . 31 Electromagnetic . | . . . . Impact . | . . . . Slashing . | . . . . Piercing . | . . . . Highest Corruption . | . . . . Average Corruption . | . . . . Corruption Purged . | . . . . Corruption Blocked . | . . . . Overload Shots . | . . . . Overflow Damage 11 | . 11 . . Projectiles 11 | . 11 . . Explosions . | . . . . Melee . | . . . . Knockbacks 8 | . 8 . . Impact . | . . . . Kinetic 8 | . 8 . . Secondary . | . . . . Self-Inflicted Damage 40 | . . . 40 Shots 1 | . . . 1 Rammed 4 | . . 2 2 Targets Rammed 10 | . . 7 3 Kicked 5 | . . 5 . Crushed 1 | . . . 1 Highest Temperature 175 | . 175 175 127 Average Temperature 56 | . 46 80 43 Received Heat Transfer 834 | . 318 255 261 Siege Activations . | . . . . Robots Corrupted . | . . . . Combat Hostiles . | . . . . Parts Fried . | . . . . Impact Corruptions . | . . . . Robots Melted 1 | . . 1 . Combat Hostiles 1 | . . 1 . Parts Melted 15 | . 3 11 1 Heat Transferred 6142 | . 2553 3293 296 Parts Sabotaged . | . . . . Parts Stolen . | . . . . Parts Stripped . | . . . . Power Chain Reactions . | . . . . Alert | -11 -10 -9 -9 ------- Run | Yrd Mat Mat Sto Peak Influence 412 | . 255 412 325 Initial 163 | . . 67 163 Average 148 | . 96 182 169 Maximum Alert Level 2 | . 1 2 1 Low Security (%) 68 | 100 88 58 59 Level 1 30 | . 11 39 40 Level 2 . | . . 2 . Level 3 . | . . . . Level 4 . | . . . . Level 5 . | . . . . High Security . | . . . . Max Security . | . . . . Squads Dispatched 6 | . 4 1 1 Investigation 2 | . 2 . . Extermination . | . . . . Reinforcement 4 | . 2 1 1 Assault . | . . . . Garrison . | . . . . Intercept . | . . . . Searches Triggered . | . . . . Construction Impeded . | . . . . Haulers Reinforced . | . . . . Active Scanning Responses . | . . . . Cargo Convoy Interrupts . | . . . . Stealth | -11 -10 -9 -9 --------- Run | Yrd Mat Mat Sto Distress Signals 12 | . 2 7 3 Communications Jammed . | . . . . Distress Signals . | . . . . Times Spotted 65 | . 23 26 16 Peak Tracking Total 7 | . 5 7 4 Tactical Retreats 9 | . 2 7 . Traps | -11 -10 -9 -9 ------- Run | Yrd Mat Mat Sto Traps Triggered 2 | . 2 . . Indirectly . | . . . . Trap Hack Attempts . | . . . . Triggered . | . . . . Disarmed . | . . . . Reprogrammed . | . . . . Reused . | . . . . Traps Extracted . | . . . . Installed . | . . . . Triggered . | . . . . Machines | -11 -10 -9 -9 ---------- Run | Yrd Mat Mat Sto Machines Disabled . | . . . . Max in Single Turn . | . . . . Machines Repaired . | . . . . Machines Dismantled . | . . . . Machines Sabotaged . | . . . . Overloaded Fab Kills . | . . . . Hacking | -11 -10 -9 -9 --------- Run | Yrd Mat Mat Sto Machines Accessed 10 | . 2 3 5 Terminals 7 | . 1 2 4 Fabricators . | . . . . Repair Stations 1 | . . . 1 Recycling Units 2 | . 1 1 . Scanalyzers . | . . . . Garrison Access . | . . . . Total Hacks 20 | . 6 4 10 Successful 13 | . 4 3 6 Failed 7 | . 2 1 4 Catastrophic . | . . . . Database Lockouts . | . . . . Manual 2 | . 1 . 1 Terminals 13 | . 3 3 7 Fabricators . | . . . . Repair Stations 3 | . . . 3 Recycling Units 4 | . 3 1 . Scanalyzers . | . . . . Garrison Access . | . . . . Terminal Hacks 7 | . 1 2 4 Robot Schematic 1 | . . . 1 Prototype ID Bank 1 | . 1 . . Open Door 1 | . . . 1 Alert Level 1 | . . 1 . Hauler Manifests 1 | . . . 1 Zone Layout 2 | . . 1 1 Fabricator Hacks . | . . . . Repair Station Hacks 2 | . . . 2 Scan Component 1 | . . . 1 Repair 1 | . . . 1 Recycling Unit Hacks 4 | . 3 1 . Retrieve Components 4 | . 3 1 . Scanalyzer . | . . . . Garrison Access Hacks . | . . . . Unauthorized Hacks . | . . . . Terminals . | . . . . Fabricators . | . . . . Repair Stations . | . . . . Recycling Units . | . . . . Scanalyzers . | . . . . Garrison Access . | . . . . Data Cores Recovered . | . . . . Used . | . . . . Hacking Detections 5 | . 2 . 3 Full Trace Events . | . . . . Feedback Events . | . . . . Feedback Blocked . | . . . . Robot Schematics Acquired 1 | . . . 1 Robots Built . | . . . . Authchips . | . . . . Time . | . . . . Total Robot Build Rating . | . . . . Part Schematics Acquired . | . . . . Parts Built . | . . . . Authchips . | . . . . Time . | . . . . Total Part Build Rating . | . . . . Parts Repaired 1 | . . . 1 Time 16 | . . . 16 Parts Recycled . | . . . . Recycled Matter . | . . . . Retrieved Matter . | . . . . Retrieved Components 2 | . 1 1 . Parts Scanalyzed . | . . . . Part Schematics Acquired . | . . . . Parts Damaged . | . . . . Bothacking | -11 -10 -9 -9 ------------ Run | Yrd Mat Mat Sto Used RIF Installer . | . . . . Robots Hacked . | . . . . Non-combat . | . . . . Combat . | . . . . Robot Hacks Applied . | . . . . Relay Couplers Released . | . . . . Fabnet Peak Effective % . | . . . . Robots Rewired . | . . . . Allies Hacked . | . . . . Hacks Repelled . | . . . . Allies | -11 -10 -9 -9 -------- Run | Yrd Mat Mat Sto Total Allies . | . . . . Largest Group . | . . . . Highest-Rated Group . | . . . . Highest-Rated Ally . | . . . . Total Orders 9 | . . . 9 ROAM 3 | . . . 3 EXPLORE 6 | . . . 6 Ally Attacks . | . . . . Total Damage . | . . . . Kills . | . . . . Allies Corrupted . | . . . . Allies Melted . | . . . . Intel | -11 -10 -9 -9 ------- Run | Yrd Mat Mat Sto Robot Analysis Total . | . . . . Derelict Logs Recovered . | . . . . Drone Launches 11 | . . . 11 Drone Recoveries 5 | . . . 5 Exploration | -11 -10 -9 -9 ------------- Run | Yrd Mat Mat Sto Turns Passed 3264 | 84 928 1039 1213 Spaces Moved 1367 | 55 596 334 382 Core 16 | 4 . 12 . Treads 361 | . . 4 357 Legs 887 | 51 596 215 25 Wheels . | . . . . Hover . | . . . . Flight 103 | . . 103 . Fastest Speed 34 | 50 120 34 160 Average Speed 169 | 126 120 159 261 Slowest Speed 560 | 190 120 300 560 Overloaded Moves . | . . . . Propulsion Burnouts . | . . . . Robots Hopped . | . . . . Cave-ins Triggered . | . . . . Exploration Rate (%) 36 | 5 75 17 47 Regions Visited 3 Branch Regions 1 Pre-discovered Areas . | . . . . Known Exits Taken . | . . . . Unknown Exits Taken 3 | 1 1 1 . Scrap Searched . | . . . . Spaces Dug . | . . . . Terrain Destroyed 6 | . . . 6 Melee . | . . . . Projectile . | . . . . AOE 6 | . . . 6 Terrain Rammed . | . . . . Walls Destroyed . | . . . . Machines Disabled . | . . . . Actions | -11 -10 -9 -9 --------- Run | Yrd Mat Mat Sto Total 2012 | 65 710 734 503 Wait 388 | . 40 314 34 Move 1364 | 54 595 333 382 Hop . | . . . . Pick Up 31 | 4 13 3 11 Fast Attach 14 | 6 1 6 1 Attach 16 | . 2 9 5 Detach 1 | . . 1 . Swap 13 | 1 1 2 9 Drop 12 | . 7 . 5 Fire 162 | . 51 59 52 Melee . | . . . . Ram . | . . . . Kick 5 | . . 5 . Crush 5 | . . 2 3 Escape Stasis . | . . . . Rewire 1 | . . . 1 Trap . | . . . . Miscellaneous . | . . . . Route ------- -11/Scrapyard -10/Materials (discovered 4 exits: *Mat x2 / [*Min x2]) -9/Materials -9/Storage History --------- Turn | Location | Event 2 | -11/Scrapyard | Met Revision 17 33 | -11/Scrapyard | Discovered new exit (range 15) 85 | -11/Scrapyard | Entered Materials 292 | -10/Materials | Discovered new exit (range 15) 303 | -10/Materials | Build established: Mutant 431 | -10/Materials | Discovered new exit (range 16) 675 | -10/Materials | Discovered new exit (range 7) 807 | -10/Materials | Core integrity fell below 50% 862 | -10/Materials | Core integrity fell below 20% 910 | -10/Materials | Discovered new exit (range 9) 1013 | -10/Materials | Entered another Materials area 1013 | -9/Materials | Evolved 2 slots: Propulsion x1, Utility x1 1603 | -9/Materials | Discovered new exit (range 7) 1818 | -9/Materials | Lost 4 parts (2n2w) 1905 | -9/Materials | Core integrity fell below 50% 2052 | -9/Materials | Entered Storage 2096 | -9/Storage | Core integrity fell below 20% 2226 | -9/Storage | Repaired Imp. Ion Engine 2266 | -9/Storage | Build established: Scavenger-Mutant 2724 | -9/Storage | Lost 3 parts (1n2w) 2992 | -9/Storage | Build established: Mutant 3265 | -9/Storage | Destroyed by Y-45 Defender with Heavy Assault Rifle Last Messages --------------- 02961_ Connecting with Terminal... >>Schematic(S-10 Pest) Downloading schematic... S-10 Pest Tier: 1 Schematic downloaded. 03014_ Connecting with Door Terminal... 03118_ Drone released from Drone Bay. 03148_ Dropped Beam Rifle. 03150_ Acquired Beam Rifle. 03161_ Acquired 5 matter. 03166_ Acquired 28 matter. 03168_ Acquired 1 matter. 03170_ Acquired 25 matter. 03222_ Drone released from Drone Bay. 03244_ W-16 Scout sends out distress signal. 03245_ Drone released from Drone Bay. 03245_ Drone destroyed. 03246_ Drone released from Drone Bay. 03255_ Drone retrieved by Drone Bay. Map ----- +----------------------------------------------------+ | #???????# #?# #????????????????????? | | #???????# #?# #????????????????????? | | #???????# #?#####????????????????????? | | #???????# #??????????????????????????? | | #???????# #??????????????????????????? | | #???????# #??????????????????????????? | | ###########???????# #??????????????????????????? | | ???????###????????# #??????????????????????????? | | ??????##T#######??# #??????????????????????????? | | ??????# #??# #??????????????????????????? | | ??????# ##?# #?###########?############## | | ####??# "#?# #?# ! #?# | | !!##??# T#?# #?#! ! ! #?# % | | !!##??# [! "#?# #?# ] #?#=* % | | ][##??# [! ##?# #?# #?#=%% | | !##??# ! ##############+####### | | ###??# + % %+ | | T#??# # ######## ################# | | ###########+#### # """ # #??# ### ##### | | + "T" + #??# # | | ####### # " " #### #??# =# """% | | #########+######### # #??# #### = # """% | | "######## = + + ! #??# + # ""! | | "T" # #### #??# # |! # | | " # ############## # # " | | " *** # """" + n n @ Ya # ! # T | | " *** # "" """" ############## # ]# % " | | *** # "T """" #???????????## ###### | | # "" """" #???????????## ##/#######" ""### | | # #???????????## # ##"R""#?? | | ###################????######### # """ ##""" #?? | | ??????????????? %%+ """ ######?? | | ???????????????????????######### # """ ##??????? | | ?????????????????????????????### # #???????? | | ???????????????????????????????# #########???????? | | ????????????????????############"####????????????? | | ???????????????+ +%% ! #????????????? | | ????????????????????# # """ ##????????????? | | ????????????????????# ??# """ #?????????????? | | ????????????????????+ ????+ """ #?????????????? | | ????????????????????# ??????# #?????????????? | | ????????????????????????????#[ #?????????????? | | ????????????????????????????########?????????????? | | ?????????????????????????????????????????????????? | | ?????????????????????????????????????????????????? | | ?????????????????????????????????????????????????? | | ?????????????????????????????????????????????????? | | ?????????????????????????????????????????????????? | | ?????????????????????????????????????????????????? | | ?????????????????????????????????????????????????? | +----------------------------------------------------+ Best States ------------- Heat Dissipation 42 Energy Generation 12 Energy Capacity 265 Matter Stores 300 Matter Capacity 300 Sight Range 16 Terrain Scan Density 10 Evasion (%) 55 Targeting Accuracy 5 Recoil Reduction 2 Particle Charging 15 Item Schematics ----------------- None Robot Schematics ------------------ S-10 Pest | -9/Storage | Hacked Fabricated ------------ Nothing Alien Tech Used ----------------- None Achievements -------------- Let's See Who's Tougher Release The Drones! Challenges ------------ None Game ------ Seed AntigravSystemHammer Manual? 0 Play Time 00:36:06 Cumulative 7.6 hours Start 2025.03.10 @ 17:49:45 End 2025.03.10 @ 18:38:06 Sessions 1 Manual Loads 0 Difficulty Rogue Special Mode None Game No. 10 Rogue 10 Adventurer 0 Explorer 0 Win Type - Total 0 Types 0/0/0/0/0/0/0/0/0 Lore% 6 Gallery% 11 Achievement% 12 Wizard Run 0 Options --------- Layout 0 ASCII 0 Keyboard 1 Movement Arrows Keybinds 0 Fullscreen 2 Font 18/X11 Map View 76x50 Zoom Use 0% Tactical HUD 1 Map Filters NONE Filters NONE Steam 1 RUN: d8329ae2-e874-40e1-b010-81254d43b7e3